 Dungeon Crawl Stone Soup version 0.28.0-53-g5a82cb258f (webtiles) character file.

Game seed: 14755063168873232297

20664 cbfl8 the Fighter (level 12, -1/151 (165) HPs)
             Began as a Minotaur Berserker on July 25, 2022.
             Was a High Priest of Trog.
             Slain by a tengu reaver
             ... wielding a +0 great mace
              (24 damage)
             ... on level 12 of the Dungeon.
             The game lasted 00:20:16 (12377 turns).

cbfl8 the Fighter (Minotaur Berserker)             Turns: 12377, Time: 00:20:17

HP:   -1/151 (165)  AC: 19    Str: 29    XL:     12   Next: 47%
MP:   20/20         EV: 12    Int:  4    God:    Trog [*****.]
Gold: 699           SH:  4    Dex: 15    Spells: 11/11 levels left

rFire   + . .      SeeInvis .   M - +10 spear "Rysmo" {vorpal, Will++ Str+7}
rCold   . . .      Faith    .   R - +0 buckler
rNeg    . . .      Spirit   .   p - +6 chain mail of Gufofo {-Tele rElec MP+9}
rPois   .          Reflect  .   (helmet restricted)
rElec   +          Harm     +   B - scarf {harm}
rCorr   .          Rampage  .   k - +0 pair of gloves
Will    ++...      NoTele   +   (no boots)
Stlth   ..........              (no amulet)
HPRegen 0.35/turn               C - ring of protection from fire
MPRegen 0.17/turn               (no ring)

@: berserking, drained, very quick
A: horns 2, retaliatory headbutt
a: Renounce Religion, Berserk, Trog's Hand, Brothers in Arms


You were on level 12 of the Dungeon.
You worshipped Trog.
Trog was extremely pleased with you.
You visited 1 branch of the dungeon, and saw 12 of its levels.

You collected 699 gold pieces.

Inventory:

Hand Weapons
 M - the +10 spear "Rysmo" (weapon) {vorpal, Will++ Str+7}
   (You found it on level 9 of the Dungeon)

   It inflicts extra damage upon your enemies.
   Str:       It affects your strength (+7).
   Will:      It greatly increases your willpower.
 Q - a +0 battleaxe of freezing
Missiles
 G - 2 throwing nets
Armour
 k - a +0 pair of gloves (worn)
 p - the +6 chain mail of Gufofo (worn) {-Tele rElec MP+9}
   (You found it on level 4 of the Dungeon)

   rElec:     It insulates you from electricity.
   MP:        It affects your magic capacity (+9).
   -Tele:     It prevents most forms of teleportation.
 B - a scarf of harm (worn)
 R - a +0 buckler (worn)
Jewellery
 y - a ring of magical power
 C - a ring of protection from fire (left hand)
Wands
 d - a wand of flame (11)
 s - a wand of charming (4) (quivered)
Scrolls
 c - 4 scrolls of noise
 e - 2 scrolls of magic mapping
 f - a scroll of amnesia {unknown}
 h - 4 scrolls of teleportation
 l - a scroll of enchant armour {unknown}
 m - 2 scrolls of immolation
 t - a scroll of summoning {unknown}
 v - 2 scrolls of acquirement
 w - a scroll of torment {unknown}
 x - a scroll of fear {unknown}
 I - 5 scrolls of fog
 K - 2 scrolls of blinking {unknown}
 N - a scroll of silence {unknown}
Potions
 j - 6 potions of curing
 r - 5 potions of mutation
 u - 2 potions of haste
 z - 3 potions of heal wounds
 A - 2 potions of lignification {unknown}
 D - 3 potions of flight
 E - 3 potions of magic
 L - 3 potions of resistance {unknown}
 P - 2 potions of might {unknown}
Miscellaneous
 O - a box of beasts


   Skills:
 * Level 11.5 Fighting
 + Level 5.3(9.0) Axes
 + Level 11.2(11.7) Polearms
 + Level 10.4 Armour
 * Level 9.0 Dodging
 * Level 7.3 Stealth
 + Level 1.2 Shields
 * Level 7.1 Evocations


You had 11 spell levels left.
You didn't know any spells.
Your spell library was empty.

Dungeon Overview and Level Annotations

Branches:
Dungeon (12/15)            Temple (0/1) D:7            Lair (0/6) D:9
    Orc (0/2) D:10

Altars:
Ashenzari
Dithmenos
Elyvilon
Fedhas
Wu Jian
Xom

Shops:
D:1 =

Annotations:
D:5 2 transporters, SanguineChosen's ghost, novice GrFi
D:12 1 exclusion


Innate Abilities, Weirdness & Mutations

You have a pair of horns on your head.
You reflexively headbutt those who attack you in melee.


Message History

The vampire mosquito bites you but does no damage.
You barely miss the tengu reaver. Your headbutt misses the tengu reaver.
The tengu reaver is lightly wounded.
Unknown command.
You miss the tengu reaver.
The tengu reaver is lightly wounded.
The vampire mosquito bites you.
The vampire mosquito draws strength from your injuries!
The vampire mosquito bites you but does no damage.
The tengu reaver hits you with a +0 great mace!
The tengu reaver closely misses you.
The tengu reaver claws you but does no damage.
You completely miss the tengu reaver. You headbutt the tengu reaver!
The tengu reaver is moderately wounded.
The vampire mosquito bites you!
The vampire mosquito draws strength from your injuries!
The vampire mosquito barely misses you.
Unknown command.
Unknown command.
You barely miss the tengu reaver.
The tengu reaver is moderately wounded.
The tengu reaver points at you and mumbles some strange words.
The bolt of negative energy hits you!!!
You feel drained.
* * * LOW HITPOINT WARNING * * *
The vampire mosquito bites you but does no damage.
Unknown command.
You are too injured to fight recklessly!
Unknown command.
You are too injured to fight recklessly!
Unknown command.
Unknown command.
You are too injured to fight recklessly!
Unknown command.
You are too injured to fight recklessly!
You are too berserk!
You closely miss the tengu reaver. You headbutt the tengu reaver!!
The tengu reaver is heavily wounded.
You block the vampire mosquito's attack.
The tengu reaver hits you with a +0 great mace!!
You die...

.. ............<.
..##.............
##................
..................
..................
.....)....c.......
.........yQyg.....
..........@.......
..................
###.....§§♣♣♣.....
#.....§§.♣..(...
###:..§§..♣.....
#.##.#...♣.....##
....
#..............#.
##...
...............#...
#....
...................#
#....


You could see a tengu reaver (fast), 2 vampire mosquitoes, a centaur and a
gnoll.

Vanquished Creatures
  A frost giant (D:12)
  A fire giant (D:12)
  2 hydras (D:12)
  3 two-headed ogres
  A tengu warrior (D:10)
  Nergalle (D:12)
  A flayed ghost (D:12)
  A wizard (D:12)
  A deep elf pyromancer (D:12)
  An orc knight (D:12)
  An ugly thing (D:12)
  6 manticores
  2 cyclopes (D:11)
  A centaur zombie (D:6)
  An unseen horror (D:11)
  A kobold demonologist (D:12)
  2 trolls
  A hornet (D:7)
  Prince Ribbit (D:5)
  A slime creature (D:12)
  Sigmund (D:2)
  3 shadows
  A centaur simulacrum (D:10)
  2 vampires
  3 wraiths
  14 yaks
  2 vampire mosquitoes (D:12)
  A steam dragon (D:6)
  Menkaure (D:5)
  Duvessa (D:5)
  3 water moccasins
  3 orc warriors
  2 sky beasts
  A black bear (D:3)
  An ogre (D:4)
  6 centaurs
  A phantom (D:10)
  A kobold brigand (D:9)
  A bullfrog (D:7)
  A wyvern zombie (D:6)
  Dowan (D:5)
  A killer bee (D:10)
  A troll zombie (D:10)
  5 wights (D:8)
  4 howler monkeys
  3 hounds
  2 jellies
  2 bullfrog skeletons
  3 centaur skeletons
  4 orc priests
  Terence (D:3)
  9 orc wizards
  5 ogre zombies (D:10)
  2 howler monkey zombies (D:9)
  Robin (D:4)
  10 adders
  3 gnolls (D:8)
  A river rat (D:5)
  3 white imps
  An ufetubus (D:4)
  An adder skeleton (D:4)
  A worm (D:5)
  33 orcs
  5 ball pythons
  5 endoplasms
  5 giant cockroaches
  13 goblins
  9 hobgoblins
  3 jackals (D:3)
  3 quokkas (D:5)
  5 bats
  3 frilled lizards
  A goblin skeleton (D:10)
  3 goblin zombies (D:10)
  2 hobgoblin skeletons (D:10)
  2 hobgoblin zombies (D:10)
  11 kobolds
  An orc skeleton (D:10)
  10 orc zombies (D:10)
  7 rats
264 creatures vanquished.

Vanquished Creatures (collateral kills)
  Sonja (D:12)
1 creature vanquished.

Vanquished Creatures (others)
  A deep elf pyromancer (D:12)
  A vampire mosquito (D:12)
  2 plants (D:4)
4 creatures vanquished.

Grand Total: 269 creatures vanquished

Notes
Turn   | Place    | Note
-------+----------+-------------------------------------------
     0 | D:1      | cbfl8 the Minotaur Berserker began the quest for the Orb.
     0 | D:1      | Reached XP level 1. HP: 19/19 MP: 0/0
   245 | D:1      | Found Maesete's Jewellery Shop.
   427 | D:1      | Reached XP level 2. HP: 27/27 MP: 1/1
   680 | D:2      | Reached XP level 3. HP: 26/33 MP: 2/2
  1336 | D:2      | Noticed Sigmund
  1528 | D:2      | Reached XP level 4. HP: 27/41 MP: 3/3
  1956 | D:3      | Noticed Terence
  1962 | D:3      | Killed Terence
  2060 | D:3      | Identified the +5 spear "Fom Sarhiqe" {vorpal, rC++ Stlth+}
  2115 | D:3      | Reached ** piety under Trog
  2155 | D:3      | Reached XP level 5. HP: 43/47 MP: 4/4
  2278 | D:3      | Noticed a black bear
  2284 | D:3      | Killed a black bear
  2285 | D:3      | Reached skill level 5 in Fighting
  2285 | D:3      | Reached skill level 5 in Axes
  2285 | D:3      | Reached skill level 1 in Polearms
  2491 | D:4      | Noticed Robin
  2491 | D:4      | Found a blossoming altar of Fedhas.
  2498 | D:4      | Killed Robin
  2506 | D:4      | Reached skill level 1 in Stealth
  2506 | D:4      | Reached XP level 6. HP: 56/56 MP: 5/5
  2603 | D:4      | Identified the +2 robe of Jemepum {rF+}
  2814 | D:4      | Reached XP level 7. HP: 50/62 MP: 6/6
  3055 | D:4      | Found a broken altar of Ashenzari.
  3090 | D:4      | Reached *** piety under Trog
  3106 | D:4      | Identified the +6 chain mail of Gufofo {-Tele rElec MP+9}
  3455 | D:5      | Entered Level 5 of the Dungeon
  3457 | D:5      | Found a transporter.
  3457 | D:5      | Found a transporter.
  3457 | D:5      | Noticed SanguineChosen's ghost (novice GrFi)
  3483 | D:5      | Noticed Prince Ribbit
  3495 | D:5      | Killed Prince Ribbit
  3496 | D:5      | Reached skill level 5 in Armour
  3714 | D:5      | Noticed Menkaure
  3718 | D:5      | Killed Menkaure
  3719 | D:5      | Reached XP level 8. HP: 71/71 MP: 7/7
  3925 | D:5      | Found a white marble altar of Elyvilon.
  3992 | D:5      | Noticed Dowan
  3992 | D:5      | Noticed Duvessa
  4001 | D:5      | Killed Duvessa
  4004 | D:5      | Killed Dowan
  4005 | D:5      | Reached skill level 1 in Evocations
  4353 | D:2      | Killed Sigmund
  4354 | D:2      | Reached skill level 5 in Polearms
  4420 | D:2      | Found a faded altar of an unknown god.
  4619 | D:6      | Reached skill level 5 in Dodging
  4947 | D:6      | Reached XP level 9. HP: 61/79 MP: 8/8
  5724 | D:7      | Found an ornate altar of the Wu Jian Council.
  5907 | D:7      | Found a staircase to the Ecumenical Temple.
  5927 | D:7      | Found a shadowy altar of Dithmenos.
  6475 | D:8      | Reached **** piety under Trog
  7184 | D:9      | Reached XP level 10. HP: 89/89 MP: 9/9
  7529 | D:9      | Found a staircase to the Lair.
  8274 | D:9      | Noticed a manticore
  8281 | D:9      | Killed a manticore
  8282 | D:9      | Reached skill level 5 in Stealth
  8297 | D:9      | Identified the +10 spear "Rysmo" {vorpal, Will++ Str+7}
  8549 | D:10     | Entered Level 10 of the Dungeon
  8549 | D:10     | Noticed a two-headed ogre
  8818 | D:10     | Found a shimmering altar of Xom.
  9109 | D:10     | Found a staircase to the Orcish Mines.
  9383 | D:10     | Killed a two-headed ogre
  9886 | D:10     | Noticed a tengu warrior
  9886 | D:10     | Noticed a two-headed ogre
  9894 | D:10     | Killed a two-headed ogre
  9895 | D:10     | Reached XP level 11. HP: 78/99 MP: 10/10
  9895 | D:10     | Killed a tengu warrior
 10150 | D:10     | Identified 2 scrolls of acquirement
 10287 | D:11     | Reached skill level 10 in Fighting
 10647 | D:11     | Reached ***** piety under Trog
 10991 | D:11     | Reached skill level 10 in Polearms
 10991 | D:11     | Reached skill level 5 in Evocations
 11346 | D:12     | Noticed a deep elf pyromancer
 11349 | D:12     | Noticed Sonja
 11366 | D:12     | Killed Sonja
 11678 | D:12     | Noticed Nergalle
 11685 | D:12     | Killed Nergalle
 11783 | D:12     | Noticed a deep elf pyromancer
 11783 | D:12     | Noticed a two-headed ogre
 11787 | D:12     | Killed a deep elf pyromancer
 11791 | D:12     | Noticed a five-headed hydra
 11793 | D:12     | Killed a two-headed ogre
 11795 | D:12     | Noticed a wizard
 11798 | D:12     | Killed a five-headed hydra
 11799 | D:12     | Reached skill level 10 in Armour
 11800 | D:12     | Noticed an orc knight
 11802 | D:12     | Noticed a frost giant
 11809 | D:12     | Killed a frost giant
 11810 | D:12     | Reached XP level 12. HP: 110/110 MP: 11/11
 11875 | D:12     | Noticed a fire giant
 11885 | D:12     | Killed a fire giant
 11967 | D:12     | Noticed an eight-headed hydra
 12065 | D:12     | Killed an eight-headed hydra
 12066 | D:12     | Reached skill level 1 in Shields
 12365 | D:12     | Noticed a tengu reaver
 12377 | D:12     | Slain by a tengu reaver

Illustrated notes

Levels and vault maps discovered:
D:1:      lightli_arrival_lavapool, layout_rooms, serial_shops,
          nicolae_shop_competitors_out_of_business
D:2:      layout_rooms, hellmonk_ecumenical_altar_leap_of_faith, uniq_sigmund
D:3:      layout_rooms, fountainhead, chequers_mini_garden, uniq_terence
D:4:      layout_loops_ring, fedhas_altar_1, nicolae_ashenzari_skybound,
          kennysheep_generic_room_7, uniq_robin
D:5:      layout_loops_ring, mainiacjoe_overflow_alcove_1, gammafunk_ghost_hive,
          gup_sewer_entry_spiral, minmay_misc_feat_tiny,
          nicolae_figureground_sparkle, uniq_prince_ribbit1, uniq_duvessa,
          uniq_menkaure
D:6:      layout_loops_ring
D:7:      layout_rooms, mainiacjoe_overflow_concentric_impassable,
          nicolae_overflow_crystal_walls, minmay_temple_entry_mini_moons,
          minmay_misc_feat_hallway, minmay_misc_feat_nine_boxes
D:8:      layout_layer_cave
D:9:      layout_grid_maze, dpeg_oklobed_lair
D:10:     layout_rooms, mainiacjoe_overflow_surrounded_room, zombieorc1_lemuel,
          lightli_fourway_metalbox
D:11:     layout_roguey, chequers_serial_rivers_micro_e
D:12:     layout_cave_pools, chequers_garden, nicolae_rejected_hall,
          uniq_nergalle, uniq_sonja, uniq_rupert

Skill      XL: |  1  2  3  4  5  6  7  8  9 10 11 12 |
---------------+-------------------------------------+-----
Axes           | 4 5 |  5.3
Fighting       | 4 5 6 7 8 9 11 | 11.5
Armour         | 3 4 5 7 8 9 10 | 10.4
Dodging        | 3 4 5 6 7 8 9 |  9.0
Polearms       | 1 2 4 6 7 9 10 11 | 11.2
Stealth        | 1 2 3 4 5 6 7 |  7.3
Evocations     | 2 3 4 6 7 |  7.1
Shields        | 1 |  1.2

Action                   |  1- 3 |  4- 6 |  7- 9 | 10-12 || total
-------------------------+-------+-------+-------+-------++-------
Melee: Hand axe          |    57 |    13 |       |       ||    70
       Headbutt          |     7 |    14 |    48 |    49 ||   118
       Spear             |       |    88 |   276 |   270 ||   634
       Punch             |       |       |     3 |     1 ||     4
Invok: Berserk           |       |     4 |     2 |     6 ||    12
       Trog's Hand       |       |       |       |     1 ||     1
       Brothers in Arms  |       |       |       |     1 ||     1
Evoke: Wand              |       |       |       |    39 ||    39
  Use: Potion            |     1 |       |       |       ||     1
       Scroll            |       |       |       |    12 ||    12
 Stab: Paralysed         |       |       |       |     8 ||     8
Armor: Animal skin       |     4 |       |       |       ||     4
       Ring mail         |    12 |    12 |       |       ||    24
       Chain mail        |       |    38 |   108 |    94 ||   240
Dodge: Dodged            |    39 |    38 |    88 |    81 ||   246
Block: Buckler           |       |       |       |     9 ||     9
